 BcadrenCrawl: Boulder Brew version 0.03.3.1 (webtiles) character file.

Game seed: 9260007611436315458, levelgen mode: deterministic

116 Chiseanne the Ducker (level 5, -2/54 HPs) Goblin Demonspawn. Began on Mar 13, 2021. Slain by a crocodile (18 damage) ... on level 2 of the Dungeon. The game lasted 00:02:11 (1086 turns).

Chiseanne the Ducker (Goblin Demonspawn)            Turns: 1086, Time: 00:02:12

Health: -2/54      AC:  5    Str: 18    XL:     5 ^: 102
Magic:  6/6        EV: 14    Int:  6    God:
Gold:   104        SH:  4    Dex:  6    Spells: 5/6 levels left

rFire    . . .     Vision   .   a - +0 war axe
rCold    . . .     Gourm    .   (weapon restricted)
rNeg     . . .     Faith    .   j - +0 ring mail
rPois    .         Spirit   .   (no helmet)
rElec    .         Reflect  .   (no cloak)
rCorr    .         Harm     .   (no gloves)
MR       .....                  (no boots)
Stlth    ..........             (no amulet)
HPRegen  0.28/turn              f - ring of strength
MPRegen  0.16/turn              (no ring)

@: berserking (expiring), lethally poisoned (-2 -> -2), very quick
A: small, stagnant stats, goblin's greed, claws 1, large bone plates 1, low mp
1, mutation resistance 1, nightstalker 1, god's pity 2
a: no special abilities


You were on level 2 of the Dungeon.
You were hungry.

You visited 1 branch of the dungeon, and saw 2 of its levels.

You collected 87 gold pieces.

Inventory:

Weapons
 a - a +0 war axe (weapon)
Armour
 j - a +0 ring mail (worn)
Jewellery
 f - a ring of strength (left claw)
 l - a cursed ring of dexterity {(Curse: rF-)}
Scrolls
 b - 2 scrolls of fear
 e - 2 scrolls of bless item
Potions
 c - a potion of magic
 g - a potion of heal wounds
 h - 2 potions of curing
 k - a potion of resistance
Comestibles
 d - 2 rations


   Skills:
 * Level 3.0 Fighting
 * Level 4.0 Axes & Hammers
 * Level 2.0 Armour
 * Level 4.9 Dodging
 - Level 2.6 Stealth
 - Level 1.3 Spellcasting
 - Level 2.6 Fire Magic
   Level 4.0 Invocations


You had 5 spell levels left.
You knew the following spells:

 Your Spells              Type           Power        Failure   Level  Hunger
a - Flame Tongue          Fire           3 (30)       19%         1    ##.....

Your spell library contained the following spells:

 Spells                   Type           Power        Failure   Level  Hunger
 Conjure Flame            Fire           3 (100)      50%         3    ####...
 Blink                    Tloc           N/A          65%         2    ###....
 Call Imp                 Summ           0 (100)      65%         2    ###....
 Slow                     Hex            0 (100)      65%         2    ###....
 Mephitic Cloud           Pois/Air       0 (100)      86%         3    ####...


Dungeon Overview and Level Annotations

Branches:
Dungeon (2/8)

Altars:
Nemelex Xobeh


Innate Abilities, Weirdness & Mutations

Your stats never grow through leveling.
Your goblin ancestry allows you to find more gold. (+20%)
You are small and have problems with some larger weapons.
You have sharp fingernails. (+2 Unarmed)
You are partially covered in large bone plates. (SH +4)
Your magical capacity is low. (-10% MP)
You are somewhat resistant to further mutation.
You are slightly more attuned to the shadows.
The pity of the gods increases the power of your passive and invoked divine abilities.


Message History

The bat skeleton hits the withered plant but does no damage.
The water moccasin misses you (0).
The bat skeleton hits the withered plant but does no damage.
The quokka skeleton bites the withered plant (1).
The withered plant is destroyed!
You barely miss the water moccasin. You slash the crocodile (7)!
You barely miss the kobold. You barely miss the water moccasin.
The bat skeleton hits the withered plant (1).
The water moccasin barely misses you (0).
The kobold barely misses you (0).
The bat skeleton hits the withered plant but does no damage.
The crocodile bites you (6).
You closely miss the water moccasin. You hit the crocodile (6).
You closely miss the kobold. You barely miss the water moccasin.
You feel sick. (1)
The bat skeleton hits the withered plant but does no damage. x2
The water moccasin bites you (8)!
* * * LOW HITPOINT WARNING * * *
The kobold misses you (0). The crocodile bites you (18)!!
You die...

≈P≈≈≈≈≈P
≈P≈≈≈≈P ≈≈≈≈
≈≈≈≈≈P ≈≈≈≈≈
PPP≈.PP≈≈≈≈≈
...PPZ≈≈.)>
#.≈PPZ..#
##≈#@t.P≈.#
#..S†K<.P.#
#..#≈#.≈≈..≈#
. #≈#≈≈≈≈≈.#
≈ #≈≈≈≈K≈# ##
#≈≈b≈≈≈#
#≈≈≈≈≈≈≈#
#≈≈≈≈≈≈#.


You could see a water moccasin, a crocodile, a big kobold, a kobold, a bat
skeleton and a quokka skeleton.

Vanquished Creatures
  2 giant cockroaches (D:1)
  6 cinder newts (D:1)
  4 dart slugs (D:1)
  2 leopard geckos (D:1)
  3 goblins (D:1)
  8 hobgoblins (D:1)
  6 kobolds
  2 ball pythons
  5 bats (D:1)
  4 rats (D:1)
  2 withered plants (D:2)
44 creatures vanquished.

Vanquished Creatures (others)
  4 withered plants (D:2)
4 creatures vanquished.

Grand Total: 48 creatures vanquished

Notes
Turn   | Place    | Note
-------+----------+-------------------------------------------
     0 | D:1      | Chiseanne the Goblin Demonspawn began the quest for the
                  | Orb.
     0 | D:1      | Reached XP level 1. HP: 13/13 MP: 2/2
    78 | D:1      | Gained mutation: You have sharp fingernails. (+2 Unarmed)
                  | [demonic ancestry]
    78 | D:1      | Reached XP level 2. HP: 17/19 MP: 3/3
   224 | D:1      | Gained mutation: You are partially covered in large bone
                  | plates. (SH +4) [demonic ancestry]
   224 | D:1      | Reached XP level 3. HP: 24/24 MP: 4/4
   260 | D:1      | Reached skill level 1 in Armour
   334 | D:1      | Gained mutation: You are slightly more attuned to the
                  | shadows. [demonic ancestry]
   334 | D:1      | Reached XP level 4. HP: 30/30 MP: 5/5
   751 | D:1      | Reached XP level 5. HP: 36/36 MP: 6/6
   953 | D:1      | Found a sparkling altar of Nemelex Xobeh.
  1060 | D:2      | Noticed a water moccasin
  1077 | D:2      | Noticed a crocodile
  1086 | D:2      | Slain by a crocodile

Levels and vault maps discovered:
D:1:      lemuel_arrival_hallway, layout_basic, first_ration,
          nemelex_diamond_rough_becter, portal_sewer_entry_a
D:2:      layout_sewer, gammafunk_temple_overflow_elements, sewer_frog_pond,
          uniq_crazy_yiuf_cottage, uniq_purgy

Skill      XL: |  1  2  3  4  5 |
---------------+----------------+-----
Axes & Hammers | 3 4 |  4.0
Fighting       | 2 3 |  3.0
Armour         | 1 2 |  2.0
Dodging        | |  4.9
Stealth        | |  2.6
Spellcasting   | |  1.3
Fire Magic     | |  2.6
Invocations    | |  4.0

Action                   |  1- 3 |  4- 6 || total
-------------------------+-------+-------++-------
Melee: War axe           |   115 |    87 ||   202
       Unarmed           |    98 |    72 ||   170
  Use: Potion            |       |     2 ||     2
 Stab: Sleeping          |       |     2 ||     2
  Eat: Chunk             |       |     1 ||     1
Armor: Leather armour    |    26 |     4 ||    30
       Ring mail         |       |    23 ||    23
Dodge: Dodged            |   119 |   125 ||   244
Block: Other             |    10 |    36 ||    46
